 Dungeon Crawl Stone Soup version 0.19.1-1-g22dce08 (webtiles) character file.

48 RedPan the Cudgeler (level 3, 0/29 HPs)
             Began as a Demonspawn Berserker on Dec 28, 2016.
             Was a Follower of Trog.
             Slain by a gnoll
             ... wielding a +0 club
              (2 damage)
             ... on level 2 of the Dungeon.
             The game lasted 00:03:02 (1682 turns).

RedPan the Cudgeler (Demonspawn Berserker)          Turns: 1682, Time: 00:03:03

Health: 0/29       AC:  2    Str: 15    XL:     3   Next: 50%
Magic:  3/3        EV: 12    Int:  8    God:    Trog [*.....]
Gold:   55         SH:  0    Dex: 12    Spells: 0 memorised, 2 levels left

rFire  . . .     SeeInvis .     a - +0 mace
rCold  + + .     Gourm    .     b - +0 animal skin
rNeg   . . .     Faith    .     (no shield)
rPois  .         Spirit   .     (no helmet)
rElec  .         Reflect  .     (no cloak)
rCorr  .         Harm     .     (no gloves)
MR     .....                    (no boots)
Stlth  +.........               (no amulet)
                                d - ring of protection from cold (curse)
                                h - -3 ring of strength (curse)

@: exhausted, slowed, very slow
A: claws 1, cold resistance 1
a: Berserk, Burn Spellbooks, Renounce Religion


You were on level 2 of the Dungeon.
You worshipped Trog.
Trog was aware of your devotion.
You were hungry.

You visited 1 branch of the dungeon, and saw 2 of its levels.

You collected 55 gold pieces.

Inventory:

Hand Weapons
 a - a +0 mace (weapon)
Armour
 b - a +0 animal skin (worn)
Jewellery
 d - a cursed ring of protection from cold (right claw)
 h - a cursed -3 ring of strength (left claw)
Potions
 e - a potion of agility
 f - a potion of lignification {unknown}
 i - a potion of haste {unknown}
Comestibles
 c - a bread ration


   Skills:
 - Level 3.0 Fighting
 + Level 4.1 Maces & Flails
 - Level 1.7 Armour
 - Level 1.7 Dodging


You had 2 spell levels left.
You didn't know any spells.

Dungeon Overview and Level Annotations

Branches:
Dungeon (2/15)

Altars:
Okawaru

Annotations:
D:2 Robin


Innate Abilities, Weirdness & Mutations

You have sharp fingernails.
Your flesh is cold resistant. (rC+)


Message History

You start resting.
You feel a strong urge to attack something.
You start resting.
You feel your anger subside.
You are no longer berserk.
You are exhausted.
You feel yourself slow down.
You start resting.
You feel the effects of Trog's Hand fading.
You start resting.
Your skin stops crawling.
You feel less resistant to hostile enchantments.
You start resting.
A gnoll is nearby!
The gnoll hits you with a club. The gnoll hits you with a club!
* * * LOW HITPOINT WARNING * * *
You closely miss the gnoll. The gnoll barely misses you.
You hit the gnoll but do no damage. The gnoll barely misses you.
The gnoll hits you with a club.
You die...

######## #......# #####
#..#...# #...##########
##.#_#..#
##............####..(#...###
.....#.###.....g@g.........#
###.###.##.##.######.##.##.#
#.## ##...##.######.##.##.#
... #.##.##...........##.#
##. #.###........##.##.##.#
.> ...
#..#####.##.##.##.######
##..
#..####...#...........(. #..
##..##..>#......########.
... .......g....###.#


You could see 2 gnolls.

Vanquished Creatures
  A gnoll (D:1)
  An ooze (D:1)
  2 dart slugs
  2 leopard geckos
  A giant cockroach (D:1)
  4 goblins (D:1)
  2 hobgoblins (D:1)
  A kobold (D:1)
  6 bats
  5 frilled lizards
  3 rats
28 creatures vanquished.

Notes
Turn   | Place    | Note
-------+----------+-------------------------------------------
     0 | D:1      | RedPan the Demonspawn Berserker began the quest for the Orb.
     0 | D:1      | Reached XP level 1. HP: 18/18 MP: 1/1
    54 | D:1      | Reached skill level 3 in Maces & Flails
   199 | D:1      | Gained mutation: Your flesh is cold resistant. (rC+) [demonic ancestry]
   199 | D:1      | Reached XP level 2. HP: 9/24 MP: 2/2
   749 | D:1      | Gained mutation: You have sharp fingernails. [demonic ancestry]
   749 | D:1      | Reached XP level 3. HP: 29/29 MP: 3/3
  1011 | D:2      | Found an iron altar of Okawaru.
  1067 | D:2      | Noticed Robin
  1163 | D:2      | Reached skill level 4 in Maces & Flails
  1511 | D:2      | Found a faded altar of an unknown god.
  1538 | D:2      | Reached ** piety under Trog
  1682 | D:2      | Slain by a gnoll

Skill      XL: |  1  2  3 |
---------------+----------+-----
Maces & Flails | 3 4 |  4.1
Fighting       | |  3.0
Armour         | |  1.7
Dodging        | |  1.7

Action                   || total
-------------------------++-------
Melee: Mace              ||   123
Invok: Berserk           ||     2
       Trog's Hand       ||     1
  Use: Scroll            ||     6
 Stab: Sleeping          ||     2
  Eat: Chunk             ||     4
Armor: Animal skin       ||    32
Dodge: Dodged            ||   123
